 Dungeon Sprint DCSS version 0.30.1-11-g7821555f0a (webtiles) character file.

Game seed: 12059200051446348099

3262 Groucho the Unseen (level 9, -6/49 HPs)
             Began as a Felid Wanderer on Jan 2, 2024.
             Was the Champion of Uskayaw.
             Killed by divine providence
             ... invoked by an orc high priest
              (13 damage)
             ... in the Dungeon (Sprint IX: "|||||||||||||||||||||||||||||").
             The game lasted 00:03:48 (939 turns).

Groucho the Unseen (Felid Wanderer)                  Turns: 939, Time: 00:03:48

Health: -6/49      AC:  2    Str: 10    XL:     9   Next: 68%
Magic:  18/18      EV: 32    Int: 13    God:    Uskayaw [******]
Gold:   21         SH:  0    Dex: 24    Spells: 9/10 levels left
                                        Lives:  0   Deaths: 2

rFire   . .          .
                       - Unarmed
rCold   . . .        (shield unavailable)
rNeg    . . .        (body armour unavailable)
rPois   .            (helmet unavailable)
rElec   .            (cloak unavailable)
rCorr   .            (gloves unavailable)
SInv    +            (boots unavailable)
Will    +....        (no amulet)
Stlth   ++++++       j - +3 ring of strength
HPRegen 0.28/turn    k - +3 ring of dexterity
MPRegen 0.16/turn

%: no teleportation
@: hasted, very quick
A: very small, claws 1, fangs 3, see invisible, speed 1, shaggy fur 2, stealthy
paws, no weapons or thrown items, no armour, multi-lived
a: Renounce Religion, Stomp, Line Pass, Grand Finale


You were in the Dungeon.
You worshipped Uskayaw.
Uskayaw was aware of your devotion.
You visited 1 branch You collected 21 gold pieces.

Inventory:

Jewellery
 j - a +3 ring of strength (left paw)
 k - a +3 ring of dexterity (right paw)
Wands
 i - a wand of iceblast (10)
Scrolls
 g - 2 scrolls of blinking
 h - 2 scrolls of amnesia
 l - a scroll of identify
Potions
 a - 2 potions of lignification
 e - 3 potions of magic


   Skills:
 + Level 11.9 Fighting
 + Level 13.8 Dodging
 + Level 15.1 Stealth
 + Level 10.8 Unarmed Combat
 - Level 1.0 Spellcasting
 - Level 3.0 Translocations
 + Level 10.9 Invocations


You had 9 spell levels left.
You knew the following spells:

 Your Spells              Type           Power      Damage    Failure   Level
a - Apportation           Tloc           16%        N/A       9%          1

Your spell library contained the following spells:

 Spells                   Type           Power      Damage    Failure   Level
 Lesser Beckoning         Tloc           16%        N/A       12%         2
 Teleport Other           Tloc           8%         N/A       24%         3


Dungeon Overview and Level Annotations

Branches:
Dungeon (1/1)

Altars:
Cheibriados
Dithmenos
Elyvilon
Fedhas
Gozag
Hepliaklqana
Kikubaaqudgha
Makhleb
Nemelex Xobeh
Okawaru
Qazlal
Ru
Sif Muna
Trog
Uskayaw
Vehumet
Wu Jian
Xom
Yredelemnul
Zin
The Shining One
Jiyva
Lugonu

Shops:
D (([(


Innate Abilities, Weirdness & Mutations

You have sharp claws.
You have razor-sharp teeth.
You have supernaturally acute eyesight. (SInv)
You cover ground quickly. (Speed+)
You are covered in thick fur. (AC +2)
Your paws help you pounce on unaware monsters.
You are incapable of wielding weapons or throwing items.
You cannot wear armour.
You gain extra lives every three experience levels.


Message History

You see here 50 gold pieces.
Unknown command.
You feel better.
The orc high priest mumbles some strange prayers to Beogh.
Unknown command.
Unknown command.
There is an entrance to Famos's Antique Weapon Shoppe here.
Unknown command.
An orc high priest comes into view. It is wielding a +0 glaive.
The orc priest misses you.
The orc high priest completely misses you.
You see here 50 gold pieces.
You feel yourself speed up.
The orc high priest completely misses you.
The orc priest misses you.
Uskayaw links your audience in an emotional bond!
You feel better. The orc priest completely misses you.
The orc high priest completely misses you.
Unknown command.
Unknown command.
The orc high priest shouts!
You mangle the orc priest!!
You kill the orc priest!
You hear a shout!
Unknown command.
Unknown command.
An orc high priest comes into view. It is wielding a +0 war axe.
The orc high priest hits you with a +0 glaive!
* * * LOW HITPOINT WARNING * * *
There is an entrance to Hiatir's Armour Emporium here.
Things that are here:
a +3 short sword of venom; 50 gold pieces Unknown command.
Unknown command.
You barely miss the orc high priest.
The orc high priest shouts!
Your claw misses the orc high priest.
The orc high priest mumbles some strange prayers to Beogh against you.
Beogh smites you!
You die...

▓.▓ ▓.▓.▓
▓.▓ ▓.▓
▓.▓.▓o▓.▓
▓)▓
▓.▓.▓.▓.▓
▓.▓
▓.▓.▓o▓.▓
▓[▓
▓.▓.▓4▓.▓
▓[▓
▓.▓.▓o▓.▓
▓[▓
▓.▓.▓4▓.▓
▓.▓
▓.▓.▓o▓.▓
▓.▓
▓.▓.▓@▓.▓
▓†▓
▓?▓.▓$▓.▓
▓x▓
▓.▓.▓∩▓.▓
▓g▓
▓[▓.▓$▓.▓
▓W▓
▓'▓.▓)▓.▓
▓K▓
▓.▓.▓)▓.▓
▓O▓
▓.▓.▓)▓.▓
▓h▓
▓[▓.▓)▓.▓
▓+▓
▓[▓.▓'▓.▓


You could see 4 orc high priests, an orange demon (summoned, pain bonded) and an
ice devil (summoned, pain bonded).

Vanquished Creatures
  4 orc high priests (D)
  2 komodo dragons (D)
  3 polar bears (D)
  A basilisk (D)
  6 black bears (D)
  An ice beast (D)
  A wolf (D)
  3 orc priests (D)
  A hound (D)
  2 orcs (D)
  A giant cockroach (D)
  A hobgoblin (D)
  2 bats (D)
  A rat (D)
29 creatures vanquished.

Notes
Turn   | Place    | Note
-------+----------+-------------------------------------------
     0 | D        | Groucho the Felid Wanderer began the quest for the Orb.
     0 | D        | Groucho set off with the following items: 2 potions of
                  | lignification, a potion of curing, a potion of heal wounds,
                  | a potion of haste, 2 potions of magic, a potion of berserk
                  | rage, a scroll of blinking; and the following spell
                  | memorised: Apportation; and the following spells available
                  | to memorise: Lesser Beckoning, Teleport Other.
     0 | D        | Reached XP level 1. HP: 12/12 MP: 3/3
    19 | D        | Reached skill level 1 in Dodging
    20 | D        | Reached skill level 2 in Stealth
    25 | D        | Reached skill level 1 in Unarmed Combat
    32 | D        | Noticed a hound
    32 | D        | Noticed an ice beast
    32 | D        | Noticed a black bear
    36 | D        | Killed a hound
    37 | D        | Reached skill level 4 in Stealth
    37 | D        | Reached XP level 2. HP: 16/16 MP: 5/5
    37 | D        | Reached XP level 3. HP: 20/20 MP: 6/6
    39 | D        | Killed an ice beast
    40 | D        | Reached skill level 5 in Dodging
    40 | D        | Reached skill level 6 in Stealth
    40 | D        | Reached XP level 4. HP: 24/24 MP: 6/8
    48 | D        | Killed a black bear
    49 | D        | Reached skill level 7 in Stealth
    49 | D        | Reached skill level 5 in Unarmed Combat
    49 | D        | Reached skill level 5 in Invocations
    49 | D        | Reached XP level 5. HP: 27/28 MP: 6/9
   282 | D        | Found a snail-covered altar of Cheibriados.
   282 | D        | Found a shadowy altar of Dithmenos.
   282 | D        | Found a white marble altar of Elyvilon.
   282 | D        | Found a blossoming altar of Fedhas.
   282 | D        | Found an opulent altar of Gozag.
   283 | D        | Found a hazy altar of Hepliaklqana.
   284 | D        | Found a viscous altar of Jiyva.
   285 | D        | Found an ancient bone altar of Kikubaaqudgha.
   286 | D        | Found a corrupted altar of Lugonu.
   287 | D        | Found a burning altar of Makhleb.
   288 | D        | Found a sparkling altar of Nemelex Xobeh.
   289 | D        | Found an iron altar of Okawaru.
   290 | D        | Found a stormy altar of Qazlal.
   291 | D        | Found a sacrificial altar of Ru.
   292 | D        | Found a shimmering blue altar of Sif Muna.
   293 | D        | Found a bloodstained altar of Trog.
   294 | D        | Found a hide-covered altar of Uskayaw.
   295 | D        | Found a radiant altar of Vehumet.
   296 | D        | Found an ornate altar of the Wu Jian Council.
   297 | D        | Found a shimmering altar of Xom.
   298 | D        | Found a basalt altar of Yredelemnul.
   299 | D        | Found a glowing silver altar of Zin.
   300 | D        | Found a glowing golden altar of the Shining One.
   304 | D        | Became a worshipper of Uskayaw the Reveller
   329 | D        | Noticed an unseen horror
   329 | D        | Noticed a wraith
   329 | D        | Noticed a kobold demonologist
   329 | D        | Noticed a two-headed ogre
   333 | D        | Reached * piety under Uskayaw
   335 | D        | Slain by a gnoll sergeant
   336 | D        | Reached XP level 4. HP: -4/25 MP: 8/8
   368 | D        | Noticed a black bear
   368 | D        | Noticed a black bear
   369 | D        | Noticed a black bear
   370 | D        | Noticed a polar bear
   371 | D        | Noticed a polar bear
   372 | D        | Noticed a black bear
   374 | D        | Reached ** piety under Uskayaw
   375 | D        | Noticed a polar bear
   375 | D        | Noticed a black bear
   380 | D        | Killed a black bear
   381 | D        | Reached skill level 8 in Stealth
   381 | D        | Reached XP level 5. HP: 25/29 MP: 0/10
   381 | D        | Killed a black bear
   382 | D        | Reached skill level 9 in Stealth
   382 | D        | Gained mutation: You are covered in thick fur. (AC +2)
                  | [Felid growth]
   382 | D        | Reached XP level 6. HP: 29/33 MP: 0/11
   389 | D        | Killed a polar bear
   390 | D        | Reached skill level 10 in Stealth
   390 | D        | Reached XP level 7. HP: 20/37 MP: 7/13
   390 | D        | Reached *** piety under Uskayaw
   395 | D        | Reached skill level 11 in Stealth
   396 | D        | Killed a polar bear
   397 | D        | Reached skill level 10 in Dodging
   399 | D        | Killed a polar bear
   400 | D        | Reached XP level 8. HP: 4/43 MP: 0/15
   849 | D        | Noticed a komodo dragon
   849 | D        | Noticed a black mamba
   849 | D        | Noticed a skyshark
   849 | D        | Noticed a komodo dragon
   853 | D        | Noticed a black mamba
   854 | D        | Reached skill level 12 in Stealth
   857 | D        | Killed a komodo dragon
   857 | D        | Killed a komodo dragon
   858 | D        | Reached skill level 10 in Fighting
   861 | D        | HP: 2/43 [skyshark (10)]
   864 | D        | Slain by a water moccasin
   865 | D        | Reached XP level 7. HP: 0/40 MP: 4/14
   904 | D        | Found Famos's Antique Weapon Shoppe.
   904 | D        | Noticed an orc high priest
   904 | D        | Noticed an orc high priest
   904 | D        | Noticed an orc high priest
   905 | D        | Noticed an orc high priest
   909 | D        | Reached skill level 13 in Stealth
   909 | D        | Noticed a smoke demon
   912 | D        | Reached XP level 8. HP: 43/43 MP: 14/16
   912 | D        | Found Hiatir's Armour Emporium.
   913 | D        | Reached **** piety under Uskayaw
   916 | D        | Killed an orc high priest
   918 | D        | Reached ***** piety under Uskayaw
   919 | D        | Noticed a rust devil
   919 | D        | Noticed a red devil
   922 | D        | Killed an orc high priest
   923 | D        | Reached skill level 14 in Stealth
   923 | D        | Reached skill level 10 in Unarmed Combat
   923 | D        | Reached skill level 10 in Invocations
   923 | D        | Reached XP level 9. HP: 31/48 MP: 17/17
   923 | D        | Reached ****** piety under Uskayaw
   927 | D        | Killed an orc high priest
   928 | D        | Found Ymishadu's Weapon Shoppe.
   929 | D        | Killed an orc high priest
   930 | D        | Reached skill level 15 in Stealth
   930 | D        | Noticed an orc high priest
   931 | D        | Found Itiec's Weapon Emporium.
   931 | D        | Noticed an orc high priest
   932 | D        | Noticed an ice devil
   933 | D        | Noticed an orange demon
   934 | D        | Noticed an orc high priest
   938 | D        | Noticed an orc high priest
   939 | D        | Killed from afar by an orc high priest

Illustrated notes

Levels and vault maps discovered:
D:        linesprint [early_d, line_temple, items_1, d_10, items_2, lair_1,
          lair_end, items_3, orc_1, orc_end, items_4, d_15, swamp_1, shoals_1,
          snake_1, spider_1, d_20, vaults_1, items_5, swamp_end, shoals_end,
          snake_end, spider_end, vaults_end, d_27, items_6, zot_1, zot_end,
          crypt_end, forest_end, elf_end, slime_end, tomb_end, abyss_end,
          pan_hell_end]

Skill      XL: |  1  2  3  4  5  6  7  8  9 |
---------------+----------------------------+-----
Dodging        | 3 5 7 8 9 10 13 | 13.8
Stealth        | 4 6 8 9 10 13 14 15 | 15.1
Unarmed Combat | 2 4 5 6 7 8 10 | 10.8
Invocations    | 2 4 5 6 7 8 10 | 10.9
Fighting       | 6 7 8 9 11 | 11.9
Spellcasting   | |  1.0
Translocations | |  3.0

Action                     |  1- 3 |  4- 6 |  7- 9 || total
---------------------------+-------+-------+-------++-------
  Melee: Unarmed           |    27 |    23 |    37 ||    87
         Bite              |     3 |     4 |     3 ||    10
         Punch             |       |     1 |     3 ||     4
 Invoke: Line Pass         |       |     3 |     5 ||     8
    Use: Potion            |     2 |     2 |     8 ||    12
   Stab: Sleeping          |     1 |       |       ||     1
         Confused          |       |     1 |     3 ||     4
         Invisible         |       |       |     8 ||     8
         Paralysed         |       |       |     2 ||     2
 Armour: Skin              |     1 |       |     1 ||     2
  Dodge: Dodged            |    19 |    43 |    53 ||   115
